% Time on Ice - KANSAS CITY KILLERBEES
Lines # - Real PCT - Wanted PCT - Time Play
Normal Forward
1 - 34% - 36% - 16:00
2 - 32% - 31% - 15:14
3 - 21% - 23% - 9:51
4 - 14% - 10% - 6:25
Normal Defense
1 - 38% - 36% - 18:09
2 - 33% - 31% - 15:37
3 - 27% - 23% - 13:01
4 - 2% - 10% - 0:43
PP Forward
1 - 64% - 55% - 1:27
2 - 36% - 45% - 0:50
PP Defense
1 - 36% - 55% - 0:50
2 - 64% - 45% - 1:27
PK Forward
1 - 60% - 55% - 3:44
2 - 40% - 45% - 2:31
PK Defense
1 - 66% - 55% - 4:09
2 - 34% - 45% - 2:06
PK3 Forward
1 - 0% - 55%
2 - 0% - 45%
PK3 Defense
1 - 0% - 55%
2 - 0% - 45%
44 Forward
1 - 73% - 55% - 2:54
2 - 27% - 45% - 1:04
44 Defense
1 - 55% - 55% - 2:12
2 - 45% - 45% - 1:46
Last Minute Offensive  - 0:00
Last Minute Defensive  - 0:00
Total
Forward - 60:00
Defense - 60:00
% Time on Ice - TEXAS TOROS
Lines # - Real PCT - Wanted PCT - Time Play
Normal Forward
1 - 32% - 36% - 15:13
2 - 31% - 31% - 14:40
3 - 25% - 23% - 11:51
4 - 12% - 10% - 5:46
Normal Defense
1 - 36% - 36% - 17:03
2 - 30% - 31% - 14:26
3 - 30% - 23% - 14:08
4 - 4% - 10% - 1:53
PP Forward
1 - 57% - 55% - 3:32
2 - 43% - 45% - 2:43
PP Defense
1 - 52% - 55% - 3:16
2 - 48% - 45% - 2:59
PK Forward
1 - 76% - 55% - 1:44
2 - 24% - 45% - 0:33
PK Defense
1 - 76% - 55% - 1:44
2 - 24% - 45% - 0:33
PK3 Forward
1 - 0% - 55%
2 - 0% - 45%
PK3 Defense
1 - 0% - 55%
2 - 0% - 45%
44 Forward
1 - 68% - 55% - 2:42
2 - 32% - 45% - 1:16
44 Defense
1 - 54% - 55% - 2:08
2 - 46% - 45% - 1:50
Last Minute Offensive  - 0:00
Last Minute Defensive  - 0:00
Total
Forward - 60:00
Defense - 60:00
Play-by-Play 1st period 0:01 of 1st period - Boone Jenner wins face-off versus Trevor Zegras in neutral zone. 0:06 of 1st period - Shot by Nicholas Paul. 0:06 of 1st period - Shot Blocked by Mikhail Sergachev. 0:08 of 1st period - Shot by Boone Jenner. 0:08 of 1st period - Shot Misses the Net. 0:44 of 1st period - Shot by Nicholas Paul. 0:44 of 1st period - Shot Misses the Net. 0:55 of 1st period - Off-side. 0:56 of 1st period - Kevin Hayes wins face-off versus Morgan Barron in neutral zone. 1:07 of 1st period - Bobby Brink is hit by Zach Aston-Reese. 1:28 of 1st period - Off-side. 1:29 of 1st period - Logan Cooley wins face-off versus Tyler Johnson in neutral zone. 2:36 of 1st period - Shot by Dougie Hamilton. 2:36 of 1st period - Stopped by John Gibson without a rebound. 2:37 of 1st period - MacKenzie Entwistle wins face-off versus Kevin Hayes in KANSAS CITY KILLERBEES zone. 3:12 of 1st period - Shot by K'Andre Miller. 3:12 of 1st period - Shot Misses the Net. 3:50 of 1st period - Shot by Trevor Zegras. 3:50 of 1st period - Shot Blocked by Boone Jenner. 3:52 of 1st period - Shot by Trevor Zegras. 3:52 of 1st period - Stopped by John Gibson without a rebound. 3:53 of 1st period - Logan Cooley wins face-off versus Morgan Barron in KANSAS CITY KILLERBEES zone. 4:18 of 1st period - Shot by Morgan Barron. 4:18 of 1st period - Stopped by Philipp Grubauer without a rebound. 4:19 of 1st period - Boone Jenner wins face-off versus Trevor Zegras in TEXAS TOROS zone. 4:26 of 1st period - Mikhail Sergachev is hit by Boone Jenner and loses puck. 4:45 of 1st period - Shot by Nicholas Paul. 4:45 of 1st period - Goal by Nicholas Paul - KANSAS CITY KILLERBEES : 1 - TEXAS TOROS : 0. 4:46 of 1st period - Tyler Johnson wins face-off versus Miles Wood in neutral zone. 5:04 of 1st period - Icing by Jacob Muzzin. 5:05 of 1st period - Kevin Hayes wins face-off versus Tyler Johnson in KANSAS CITY KILLERBEES zone. 5:56 of 1st period - Minor Penalty to Mikhail Sergachev for Tripping. 5:56 of 1st period - Minor Penalty to Zach Aston-Reese for Hooking. 5:57 of 1st period - Trevor Zegras wins face-off versus Boone Jenner in TEXAS TOROS zone. 6:13 of 1st period - Off-side. 6:14 of 1st period - Trevor Zegras wins face-off versus Boone Jenner in neutral zone. 6:24 of 1st period - Off-side. 6:25 of 1st period - Boone Jenner wins face-off versus Trevor Zegras in neutral zone. 6:37 of 1st period - Troy Terry is hit by K'Andre Miller and loses puck. 6:57 of 1st period - Shot by Trevor Zegras. 6:57 of 1st period - Stopped by John Gibson without a rebound. 6:58 of 1st period - James van Riemsdyk wins face-off versus Logan Cooley in KANSAS CITY KILLERBEES zone. 7:19 of 1st period - Shot by James van Riemsdyk. 7:19 of 1st period - Stopped by Philipp Grubauer without a rebound. 7:20 of 1st period - Trevor Zegras wins face-off versus James van Riemsdyk in TEXAS TOROS zone. 7:49 of 1st period - Shot by Troy Terry. 7:49 of 1st period - Shot Misses the Net. 8:10 of 1st period - Shot by Morgan Barron. 8:10 of 1st period - Stopped by Philipp Grubauer without a rebound. 8:11 of 1st period - Kevin Hayes wins face-off versus MacKenzie Entwistle in TEXAS TOROS zone. 8:31 of 1st period - Shot by Kevin Hayes. 8:31 of 1st period - Shot Misses the Net. 8:37 of 1st period - Shot by Denis Gurianov. 8:37 of 1st period - Shot Misses the Net. 9:11 of 1st period - Minor Penalty to K'Andre Miller for Holding. 9:12 of 1st period - Boone Jenner wins face-off versus Logan Cooley in KANSAS CITY KILLERBEES zone. 9:18 of 1st period - Icing by Danton Heinen. 9:19 of 1st period - Boone Jenner wins face-off versus Logan Cooley in TEXAS TOROS zone. 9:28 of 1st period - Shot by Mikhail Sergachev. 9:28 of 1st period - Shot Misses the Net. 9:30 of 1st period - Shot by Danton Heinen. 9:30 of 1st period - Stopped by John Gibson without a rebound. 9:31 of 1st period - Boone Jenner wins face-off versus Trevor Zegras in KANSAS CITY KILLERBEES zone. 10:00 of 1st period - Shot by Mikhail Sergachev. 10:00 of 1st period - Shot Misses the Net. 10:02 of 1st period - Shot by Troy Terry. 10:02 of 1st period - Shot Misses the Net. 10:12 of 1st period - Shot by Dougie Hamilton. 10:12 of 1st period - Stopped by John Gibson without a rebound. 10:13 of 1st period - Boone Jenner wins face-off versus Logan Cooley in KANSAS CITY KILLERBEES zone. 10:13 of 1st period - Boone Jenner is hit by Kevin Hayes. 11:11 of 1st period - Shot by Troy Terry. 11:11 of 1st period - Shot Misses the Net. 11:13 of 1st period - Shot by Ryan Poehling. 11:13 of 1st period - Shot Misses the Net. 11:15 of 1st period - Shot by Mikhail Sergachev. 11:15 of 1st period - Stopped by John Gibson without a rebound. 11:16 of 1st period - Ryan Poehling wins face-off versus Morgan Barron in KANSAS CITY KILLERBEES zone. 12:22 of 1st period - Shot by Kevin Hayes. 12:22 of 1st period - Goal by Kevin Hayes - KANSAS CITY KILLERBEES : 1 - TEXAS TOROS : 1. 12:23 of 1st period - Logan Cooley wins face-off versus Boone Jenner in neutral zone. 12:56 of 1st period - Shot by Philipp Kurashev. 12:56 of 1st period - Deflect By Boone Jenner. 12:56 of 1st period - Stopped by Philipp Grubauer without a rebound. 12:57 of 1st period - Trevor Zegras wins face-off versus Tyler Johnson in TEXAS TOROS zone. 13:12 of 1st period - Minor Penalty to K'Andre Miller for Holding. 13:13 of 1st period - Troy Terry wins face-off versus Boone Jenner in KANSAS CITY KILLERBEES zone. 13:43 of 1st period - Shot by Trevor Zegras. 13:43 of 1st period - Shot Blocked by Nicholas Paul. 13:45 of 1st period - Shot by Troy Terry. 13:45 of 1st period - Stopped by John Gibson with a rebound. 13:47 of 1st period - Shot by Tyson Barrie. 13:47 of 1st period - Shot Blocked by Mattias Ekholm. 14:57 of 1st period - Icing by Trevor Zegras. 14:58 of 1st period - Boone Jenner wins face-off versus Trevor Zegras in TEXAS TOROS zone. 14:59 of 1st period - Shot by Mattias Ekholm. 14:59 of 1st period - Stopped by Philipp Grubauer without a rebound. 15:00 of 1st period - Boone Jenner wins face-off versus Trevor Zegras in TEXAS TOROS zone. 16:38 of 1st period - Nicholas Paul is hit by Mikhail Sergachev. 16:42 of 1st period - Shot by Philipp Kurashev. 16:42 of 1st period - Shot Misses the Net. 16:44 of 1st period - Shot by Sean Walker. 16:44 of 1st period - Shot Blocked by Mikhail Sergachev. 16:46 of 1st period - Shot by Nicholas Paul. 16:46 of 1st period - Shot Misses the Net. 16:50 of 1st period - Shot by Boone Jenner. 16:50 of 1st period - Stopped by Philipp Grubauer without a rebound. 16:51 of 1st period - Trevor Zegras wins face-off versus Tyler Johnson in TEXAS TOROS zone. 17:55 of 1st period - Kevin Hayes is hit by Daniel Walcott. 18:12 of 1st period - Shot by Bobby Brink. 18:12 of 1st period - Shot Blocked by Daniel Walcott. 18:24 of 1st period - Shot by Tyson Barrie. 18:24 of 1st period - Shot Misses the Net. 18:26 of 1st period - Shot by Philip Broberg. 18:26 of 1st period - Stopped by John Gibson with a rebound. 18:28 of 1st period - Shot by Tyson Barrie. 18:28 of 1st period - Stopped by John Gibson without a rebound. 18:29 of 1st period - Boone Jenner wins face-off versus Logan Cooley in KANSAS CITY KILLERBEES zone. 18:38 of 1st period - Shot by Boone Jenner. 18:38 of 1st period - Deflect By Nicholas Paul. 18:38 of 1st period - Shot Misses the Net. 19:34 of 1st period - Shot by Miles Wood. 19:34 of 1st period - Shot Misses the Net. 19:45 of 1st period - Miles Wood is hit by Jacob Muzzin and loses puck. Goals for this period are 1 for KANSAS CITY KILLERBEES vs 1 for TEXAS TOROS. Shots for this period are 7 for KANSAS CITY KILLERBEES vs 10 for TEXAS TOROS. 2nd period 0:01 of 2nd period - Tyler Johnson wins face-off versus Trevor Zegras in neutral zone. 0:12 of 2nd period - Shot by Tyler Johnson. 0:12 of 2nd period - Deflect By James van Riemsdyk. 0:12 of 2nd period - Shot Misses the Net. 0:14 of 2nd period - Shot by K'Andre Miller. 0:14 of 2nd period - Shot Misses the Net. 0:16 of 2nd period - Shot by K'Andre Miller. 0:16 of 2nd period - Shot Misses the Net. 0:18 of 2nd period - Shot by Alexis Lafreniere. 0:18 of 2nd period - Shot Blocked by Mikhail Sergachev. 0:20 of 2nd period - Shot by Mattias Ekholm. 0:20 of 2nd period - Shot Blocked by Mikhail Sergachev. 1:17 of 2nd period - Shot by Taylor Raddysh. 1:17 of 2nd period - Deflect By Kevin Hayes. 1:17 of 2nd period - Stopped by John Gibson with a rebound. 1:19 of 2nd period - Shot by Taylor Raddysh. 1:19 of 2nd period - Shot Misses the Net. 1:23 of 2nd period - Shot by Kevin Hayes. 1:23 of 2nd period - Stopped by John Gibson without a rebound. 1:24 of 2nd period - Morgan Barron wins face-off versus Logan Cooley in KANSAS CITY KILLERBEES zone. 1:44 of 2nd period - Minor Penalty to Owen Power for Hooking. 1:44 of 2nd period - Minor Penalty to Zach Aston-Reese for High sticking. 1:45 of 2nd period - Boone Jenner wins face-off versus Trevor Zegras in TEXAS TOROS zone. 1:50 of 2nd period - Shot by Tyler Johnson. 1:50 of 2nd period - Stopped by Philipp Grubauer without a rebound. 1:51 of 2nd period - Trevor Zegras wins face-off versus Boone Jenner in TEXAS TOROS zone. 1:56 of 2nd period - Shot by Dougie Hamilton. 1:56 of 2nd period - Shot Misses the Net. 2:17 of 2nd period - Shot by Boone Jenner. 2:17 of 2nd period - Shot Misses the Net. 2:19 of 2nd period - Shot by Boone Jenner. 2:19 of 2nd period - Stopped by Philipp Grubauer without a rebound. 2:20 of 2nd period - James van Riemsdyk wins face-off versus Logan Cooley in TEXAS TOROS zone. 2:25 of 2nd period - Shot by Nicholas Paul. 2:25 of 2nd period - Stopped by Philipp Grubauer without a rebound. 2:26 of 2nd period - Logan Cooley wins face-off versus Boone Jenner in TEXAS TOROS zone. 3:41 of 2nd period - Shot by Troy Terry. 3:41 of 2nd period - Shot Blocked by Tyler Johnson. 3:43 of 2nd period - Shot by Trevor Zegras. 3:43 of 2nd period - Stopped by John Gibson without a rebound. 3:44 of 2nd period - Morgan Barron wins face-off versus Ryan Poehling in KANSAS CITY KILLERBEES zone. 3:46 of 2nd period - Icing by Mattias Ekholm. 3:47 of 2nd period - Jakub Voracek wins face-off versus Ryan Poehling in KANSAS CITY KILLERBEES zone. 4:03 of 2nd period - Shot by Mikhail Sergachev. 4:03 of 2nd period - Stopped by John Gibson without a rebound. 4:04 of 2nd period - Trevor Zegras wins face-off versus MacKenzie Entwistle in KANSAS CITY KILLERBEES zone. 4:11 of 2nd period - Shot by